 Dungeon Crawl Stone Soup version 0.27.1-1-g398f81649c (webtiles) character file.

Game seed: 358558814973218171

41 styxcanada the Sneak (level 3, -5/18 HPs)
             Began as a Spriggan Brigand on Sept 20, 2021.
             Slain by a gnoll (13 damage)
             ... on level 2 of the Dungeon.
             The game lasted 00:03:58 (884 turns).

styxcanada the Sneak (Spriggan Brigand)              Turns: 884, Time: 00:03:58

Health: -5/18      AC:  3    Str:  7    XL:     3   Next: 32%
Magic:  4/4        EV: 16    Int: 12    God:
Gold:   71         SH:  0    Dex: 17    Spells: 2/2 levels left

rFire    . . .     SeeInvis +   a - +2 dagger
rCold    . . .     Faith    .   (shield restricted)
rNeg     . . .     Spirit   .   b - +0 robe
rPois    .         Reflect  .   (helmet restricted)
rElec    .         Harm     .   c - +0 cloak
rCorr    .         Rampage  .   (gloves unavailable)
Will     .....                  (boots unavailable)
Stlth    ++++......             (no amulet)
HPRegen  0.06/turn              (no ring)
MPRegen  0.09/turn              (no ring)

@: very quick
A: very small, no large weapons, unfitting armour, see invisible, speed 3
a: no special abilities


You were on level 2 of the Dungeon.
You visited 1 branch of the dungeon, and saw 2 of its levels.

You collected 71 gold pieces.

Inventory:

Hand Weapons
 a - a +2 dagger (weapon)
Missiles
 j - 27 stones (quivered)
Armour
 b - a +0 robe (worn)
 c - a +0 cloak (worn)
Scrolls
 g - a scroll of teleportation {unknown}
 h - a scroll of magic mapping {unknown}
 i - 2 scrolls of identify {unknown}
 k - a scroll of amnesia {unknown}
Potions
 f - a potion of lignification {unknown}


   Skills:
 * Level 1.9 Fighting
 + Level 2.4 Short Blades
 + Level 2.1 Throwing
 * Level 1.6 Dodging
 * Level 7.1 Stealth


You had 2 spell levels left.
You didn't know any spells.
Your spell library was empty.

Dungeon Overview and Level Annotations

Branches:
Dungeon (2/15)

Altars:

Shops:
D:1 [


Innate Abilities, Weirdness & Mutations

You are very small and have problems with some larger weapons.
You are too small for most types of armour.
You have supernaturally acute eyesight. (SInv)
You cover ground extremely quickly. (Speed+++)


Message History

Aim: a gnoll, wielding a +0 halberd (64% to hit, chance to blind on hit: 100%)
You throw an atropa-tipped dart.
The atropa-tipped dart closely misses the gnoll.
The gnoll hits you from afar with a +0 halberd!
Throw: dart (atropa)
Press: ? - help, Q - select action, (/) - cycle Shift-Dir - straight line, f/p - gnoll
Aim: a gnoll, wielding a +0 halberd (64% to hit, chance to blind on hit: 100%)
You throw an atropa-tipped dart. The atropa-tipped dart hits the gnoll.
The gnoll appears confused.
You hit the gnoll but do no damage.
The gnoll seems less confused.
Unknown command.
You hit the gnoll.
The gnoll is moderately wounded.
The gnoll barely misses you. The gnoll hits you with a +0 club.
Unknown command.
You see here an atropa-tipped dart.
l - an atropa-tipped dart The gnoll is no longer blind.
Throw: dart (atropa)
Press: ? - help, Q - select action, (/) - cycle Shift-Dir - straight line, f/p - gnoll
Aim: a gnoll, wielding a +0 halberd (moderately wounded, 64% to hit, chance to blind on hit: 100%)
You throw an atropa-tipped dart. The atropa-tipped dart hits the gnoll.
The gnoll appears confused.
You hear a shout!
The gnoll is no longer blind.
You hit the gnoll but do no damage. You closely miss the gnoll.
The gnoll hits you with a +0 club. The gnoll closely misses you.
You hit the gnoll.
The gnoll is lightly wounded.
The gnoll misses you. The gnoll closely misses you.
You hit the gnoll.
The gnoll is heavily wounded.
The gnoll barely misses you. The gnoll closely misses you.
You hit the gnoll but do no damage.
The gnoll is heavily wounded.
The gnoll barely misses you.
The gnoll hits you from afar with a +0 halberd!
Ouch! That really hurt!
You die...

##################
.................#
################.#
###########.####
.............†<#
###########@#### #g#
### #g# ..# #w# #.#
#.# #.# #.#
##########.#####.####
...w(w.(..(..w()....#
(.(.†...w#.##########


You could see 2 gnolls and a dart slug.

Vanquished Creatures
  2 gnolls (D:2)
  A bat (D:1)
  A giant cockroach (D:1)
  A goblin (D:2)
  4 hobgoblins (D:1)
  4 quokkas (D:1)
  5 ball pythons
  A frilled lizard (D:1)
  2 rats
21 creatures vanquished.

Notes
Turn   | Place    | Note
-------+----------+-------------------------------------------
     0 | D:1      | styxcanada the Spriggan Brigand began the quest for the
                  | Orb.
     0 | D:1      | Reached XP level 1. HP: 10/10 MP: 2/2
     6 | D:1      | Found Hoemic's Antique Armour Shoppe.
    53 | D:1      | Reached skill level 6 in Stealth
   203 | D:1      | Reached XP level 2. HP: 15/15 MP: 3/3
   273 | D:1      | Found a faded altar of an unknown god.
   847 | D:2      | Reached skill level 7 in Stealth
   847 | D:2      | Reached XP level 3. HP: 17/18 MP: 4/4
   884 | D:2      | Slain by a gnoll

Illustrated notes

Levels and vault maps discovered:
D:1:      dpeg_arrival_tiny_h, layout_loops_ring, serial_shops, shop,
          shapermc_ecumenical_altar_starsandcircs
D:2:      layout_basic, uniq_jessica

Skill      XL: |  1  2 |
---------------+-------+-----
Stealth        | 6 7 |  7.1
Fighting       | |  1.9
Short Blades   | |  2.4
Throwing       | |  2.1
Dodging        | |  1.6

Action                   || total
-------------------------++-------
Melee: Dagger            ||    64
Throw: Dart              ||    21
       Stone             ||     1
 Stab: Sleeping          ||     9
Armor: Robe              ||     8
Dodge: Dodged            ||    54
